 Dungeon Crawl Stone Soup version 0.28.0-53-g5a82cb258f (webtiles) character file.

Game seed: 17552022444247857483

395 jiml777 the Magician (level 6, 0/32 HPs)
             Began as a Deep Elf Air Elementalist on June 15, 2022.
             Succumbed to Dowan's poison
             ... on level 5 of the Dungeon.
             The game lasted 00:25:04 (4206 turns).

jiml777 the Magician (Deep Elf Air Elementalist)    Turns: 4206, Time: 00:25:05

Health: 0/32       AC: 11    Str: 11    XL:     6   Next: 52%
Magic:  16/16      EV: 12    Int: 28    God:
Gold:   129        SH:  0    Dex: 17    Spells: 6/16 levels left

rFire   . . .      SeeInvis .   c - +1 short sword
rCold   + . .      Faith    .   (no shield)
rNeg    . . .      Spirit   .   r - +2 leather armour {Will+}
rPois   .          Reflect  .   (no helmet)
rElec   .          Harm     .   w - +0 cloak
rCorr   .          Rampage  .   g - +2 pair of gloves
Will    +....      Clarity  +   (no boots)
Stlth   ++........              (no amulet)
HPRegen 0.10/turn               p - ring of Wetuyfef {rC+ Int+6}
MPRegen 0.15/turn               x - +6 ring of strength

@: brilliant, lethally poisoned (0 -> -19), hasted, very quick
A: iridescent scales 1, agile 1, clarity
a: no special abilities


You were on level 5 of the Dungeon.
You visited 1 branch of the dungeon, and saw 5 of its levels.

You collected 129 gold pieces.

Inventory:

Hand Weapons
 c - a +1 short sword (weapon)
 f - a +0 short sword of speed
Missiles
 b - 14 sling bullets
 d - 97 stones
 e - 25 arrows
 q - 5 poisoned darts
 u - 18 bolts
Armour
 a - a +0 robe
 g - a +2 pair of gloves (worn)
 r - a +2 leather armour of willpower (worn)
 w - a +0 cloak (worn)
Jewellery
 l - an amulet of faith
 p - the ring of Wetuyfef (left hand) {rC+ Int+6}
   (You found it on level 2 of the Dungeon)

   [ring of intelligence]

   Int:       It affects your intelligence (+6).
   rC:        It protects you from cold.
 x - a +6 ring of strength (right hand)
Wands
 o - a wand of digging (2)
 v - a wand of iceblast (6)
 y - a wand of mindburst (6)
Scrolls
 i - 3 scrolls of teleportation
 z - a scroll of holy word
 A - a scroll of identify
Potions
 h - a potion of might {unknown}
 j - a potion of degeneration {unknown}
 n - a potion of lignification {unknown}
 t - a potion of resistance {unknown}


   Skills:
 + Level 0.4 Short Blades
 * Level 2.3 Armour
 + Level 3.1 Dodging
 + Level 3.5 Stealth
 + Level 5.5 Spellcasting
 + Level 2.7 Conjurations
 + Level 4.2 Air Magic


You had 6 spell levels left.
You knew the following spells:

 Your Spells              Type           Power      Damage    Failure   Level
a - Shock                 Conj/Air       100%       1d9       1%          1
b - Static Discharge      Conj/Air       40%        N/A       3%          2
c - Swiftness             Air            46%        N/A       4%          3
d - Airstrike             Air            23%        N/A       14%         4

Your spell library contained the following spells:

 Spells                   Type           Power      Damage    Failure   Level
 Sandblast                Erth           22%        2d7       9%          1
 Passwall                 Tmut/Erth      9%         N/A       13%         2
 Stone Arrow              Conj/Erth      46%        3d9       14%         3
 Sticky Flame             Conj/Fire      23%        2d4       43%         4
 Dispel Undead            Necr           11%        3d9       63%         4


Dungeon Overview and Level Annotations

Branches:
Dungeon (5/15)
 Temple: D:4-7

Altars:

Annotations:
D:5 Dowan, Duvessa


Innate Abilities, Weirdness & Mutations

You are partially covered in iridescent scales. (AC +2)
You are agile. (Dex +2)
You possess an exceptional clarity of mind.


Message History

Duvessa barely misses you.
You feel very sick.
The orc shouts!
Dowan casts a spell at you. You resist with almost no effort.
Duvessa misses you.
You feel sick. Dowan closely misses you. Duvessa barely misses you.
Dowan barely misses you. Duvessa closely misses you.
You feel sick. Dowan misses you. Duvessa closely misses you.
You feel sick. Dowan closely misses you.
Duvessa says, "Where magic fails, the sword succeeds!"
Duvessa hits you but does no damage.
Dowan's feet meld with the ground, briefly.
Dowan hits you with a +3 dagger of venom.
You are more poisoned.
Duvessa closely misses you.
You feel less invigorated.
You feel less confused.
You feel very sick. Dowan closely misses you.
Duvessa hits you but does no damage.
Press: ? - help, v - describe, . - travel
Here: Dowan, wielding a +3 dagger of venom and wearing a +0 robe (fast)
The floor.
You feel yourself speed up.
You feel sick. Dowan hits you but does no damage.
You are lethally poisoned!
Duvessa closely misses you.
Dowan casts a spell.
Dowan blinks!
Duvessa hits you but does no damage.
You feel very sick.
You feel sick. Dowan gestures at you while chanting.
You resist with almost no effort.
You feel sick.
* * * LOW HITPOINT WARNING * * *
You feel sick.
Dowan hits you with a +3 dagger of venom.
* * * LOW HITPOINT WARNING * * *
You are more poisoned.
It was a potion of brilliance.
You feel clever all of a sudden.
You die...

###...........
#......o#...
##....######.
#oo#### ## ####
###o## #
####..## ##.o##
# .......##
###..##
######..###
####..e##
###..###...@e##
##........##
##.......#
##......#
########


You could see Duvessa (fast), Dowan (fast) and 3 orcs.

Vanquished Creatures
  A gnoll sergeant (D:4)
  A howler monkey (D:5)
  2 hounds (D:4)
  Ijyb (D:3)
  An iguana (D:5)
  Terence (D:2)
  A killer bee zombie (D:5)
  3 gnolls (D:4)
  5 adders
  An adder skeleton (D:3)
  4 dart slugs
  2 worms
  2 orcs
  3 bats (D:1)
  5 endoplasms
  A giant cockroach (D:2)
  4 goblins
  2 hobgoblins
  7 jackals
  6 ball pythons
  3 frilled lizards
  5 kobolds
  3 rats
64 creatures vanquished.

Notes
Turn   | Place    | Note
-------+----------+-------------------------------------------
     0 | D:1      | jiml777 the Deep Elf Air Elementalist began the quest for
                  | the Orb.
     0 | D:1      | Reached XP level 1. HP: 10/10 MP: 6/6
   283 | D:1      | Reached XP level 2. HP: 15/15 MP: 2/8
   911 | D:2      | Reached XP level 3. HP: 19/19 MP: 3/10
  1054 | D:2      | Noticed Terence
  1343 | D:2      | Killed Terence
  1513 | D:2      | Identified the ring of Wetuyfef {rC+ Int+6}
  1519 | D:2      | Learned a level 2 spell: Static Discharge
  1523 | D:2      | Learned a level 3 spell: Swiftness
  1769 | D:3      | Reached skill level 4 in Spellcasting
  1769 | D:3      | Reached XP level 4. HP: 24/24 MP: 8/12
  1818 | D:3      | Gained mutation: You possess an exceptional clarity of
                  | mind. [potion of mutation]
  1818 | D:3      | Gained mutation: You are partially covered in iridescent
                  | scales. (AC +2) [potion of mutation]
  1818 | D:3      | Gained mutation: You are agile. (Dex +2) [potion of
                  | mutation]
  2291 | D:3      | Noticed Ijyb
  2302 | D:3      | Killed Ijyb
  2776 | D:4      | Reached skill level 1 in Armour
  2776 | D:4      | Reached XP level 5. HP: 28/28 MP: 9/13
  2995 | D:4      | Learned a level 4 spell: Airstrike
  3486 | D:4      | Reached skill level 5 in Spellcasting
  3486 | D:4      | Reached XP level 6. HP: 32/32 MP: 6/15
  3885 | D:5      | Entered Level 5 of the Dungeon
  4172 | D:5      | Noticed Duvessa
  4172 | D:5      | Noticed Dowan
  4206 | D:5      | Succumbed to Dowan's poison

Illustrated notes

Levels and vault maps discovered:
D:1:      dpeg_arrival_oval, layout_rooms, nicolae_figureground_pulse
D:2:      layout_rooms, uniq_terence
D:3:      layout_basic, grunt_decor_arrowhead, uniq_ijyb
D:4:      layout_cave_pods, kennysheep_boxes
D:5:      layout_layer_cave, minmay_temple_entry_oklob, uniq_duvessa

Skill      XL: |  1  2  3  4  5  6 |
---------------+-------------------+-----
Spellcasting   | 4 5 |  5.5
Conjurations   | 2 |  2.7
Air Magic      | 4 |  4.2
Stealth        | 3 |  3.5
Armour         | 1 2 |  2.3
Dodging        | 3 |  3.1
Short Blades   | |  0.4

Action                   |  1- 3 |  4- 6 || total
-------------------------+-------+-------++-------
Melee: Short sword       |       |    13 ||    13
       Punch             |       |     1 ||     1
 Cast: Shock             |    60 |    79 ||   139
  Use: Scroll            |       |    11 ||    11
       Potion            |       |     4 ||     4
Armor: Robe              |     6 |       ||     6
       Leather armour    |       |    23 ||    23
Dodge: Dodged            |    11 |    46 ||    57
